[Event "Titled Tuesday Blitz June 07 Early 2022"]
[White "Maghsoodloo, Parham"]
[Black "Xiong, Jeffery"]
[WhiteFideId "12539929"]
[BlackFideId "2047640"]
[WhiteElo "2607"]
[BlackElo "2714"]
[Result "0-1"]
[Round "09"]
[TimeControl "180+1"]
[Date "2022.06.07"]
[WhiteClock "0:00:54"]
[BlackClock "0:01:31"]

1. d4 Nf6 2. c4 g6 3. Nc3 d5 4. Nf3 Bg7 5. Qb3 dxc4 6. Qxc4 c6 7. e4 O-O 8. Be2 b5 9. Qb3 e5 10. dxe5 Ng4 11. Bf4 Be6 12. Qc2 Nd7 13. Ng5 Ngxe5 14. Nxe6 fxe6 15. Bg3 Qb6 16. O-O a5 17. Rad1 a4 18. Kh1 Qc5 19. f4 b4 20. fxe5 Nxe5 21. Rxf8+ Rxf8 22. Qxa4 bxc3 23. bxc3 Qxc3 24. Qb3 Qxb3 25. axb3 Ra8 26. Rf1 Ra2 27. Rf2 Ra1+ 28. Rf1 Ra2 29. Rf2 Rb2 30. Bc4 Nxc4 0-1


[Site "https://www.chess.com"]

[Event "Titled Tuesday Blitz June 07 Early 2022"]
[White "Makarian, Rudik"]
[Black "Slugin, Sergey"]
[WhiteFideId "44105681"]
[BlackFideId "4122569"]
[WhiteElo "2398"]
[BlackElo "2358"]
[Result "1-0"]
[Round "09"]
[TimeControl "180+1"]
[Date "2022.06.07"]
[WhiteClock "0:00:05"]
[BlackClock "0:00:01"]

1. d3 Nf6 2. g3 h5 3. Nf3 d5 4. Bg2 h4 5. Nxh4 e5 6. Nf3 Nc6 7. Bg5 Bh3 8. Bxh3 Rxh3 9. Nc3 Qd7 10. Bxf6 gxf6 11. e4 Bb4 12. Kf1 Bxc3 13. bxc3 O-O-O 14. Kg2 Ne7 15. Qe2 Ng6 16. exd5 Rg8 17. Kf1 Qxd5 18. Qe4 Qd7 19. Rb1 c6 20. Nd2 f5 21. Qa4 Kb8 22. Nc4 Qd5 23. Rg1 Rxh2 24. Qa6 c5 25. Qd6+ Qxd6 26. Nxd6 Kc7 27. Nxf5 e4 28. dxe4 Ne5 29. Ke2 Rg4 30. Ne3 Rxe4 31. Rh1 Rxh1 32. Rxh1 Ra4 33. f4 Nd7 34. Rh7 f6 35. g4 Rxa2 36. g5 fxg5 37. fxg5 Ra6 38. Kf3 Rg6 39. Kf4 Kc6 40. Ng4 Re6 41. Kf5 Re1 42. g6 Nf8 43. g7 Rf1+ 44. Ke5 Nd7+ 45. Ke4 Re1+ 46. Kf3 Re8 47. Rh8 1-0


[Site "https://www.chess.com"]

[Event "Titled Tuesday Blitz June 07 Early 2022"]
[White "Martinez Alcantara, Jose Eduardo"]
[Black "Dubov, Daniil"]
[WhiteFideId "3805662"]
[BlackFideId "24126055"]
[WhiteElo "2703"]
[BlackElo "2791"]
[Result "0-1"]
[Round "09"]
[TimeControl "180+1"]
[Date "2022.06.07"]
[WhiteClock "0:00:03"]
[BlackClock "0:00:15"]

1. e4 e5 2. Nf3 Nc6 3. Bb5 a6 4. Ba4 Nf6 5. d3 b5 6. Bb3 Be7 7. Nc3 O-O 8. a3 Rb8 9. O-O d6 10. h3 h6 11. Be3 Re8 12. Nd5 Bf8 13. c3 Nxd5 14. Bxd5 Ne7 15. Ba2 Ng6 16. b4 Qf6 17. a4 Be6 18. axb5 axb5 19. Bxe6 Qxe6 20. Qc2 Ra8 21. c4 Qd7 22. Rfc1 Be7 23. Ra5 Rxa5 24. bxa5 b4 25. c5 dxc5 26. Bxc5 Bxc5 27. Qxc5 Nf4 28. Qxc7 Qxd3 29. Qc6 Re6 30. Qc8+ Kh7 31. Re1 b3 32. Qb7 Rg6 33. Nh4 Qxh3 34. g3 Rxg3+ 35. fxg3 Qxg3+ 36. Kf1 Qh3+ 37. Kg1 Qxh4 38. Ra1 Qg3+ 39. Kf1 Qg2+ 40. Ke1 Qe2# 0-1


[Site "https://www.chess.com"]

[Event "Titled Tuesday Blitz June 07 Early 2022"]
[White "Matlakov, Maxim"]
[Black "Matinian, Nikita"]
[WhiteFideId "4168003"]
[BlackFideId "24129100"]
[WhiteElo "2669"]
[BlackElo "2422"]
[Result "1-0"]
[Round "09"]
[TimeControl "180+1"]
[Date "2022.06.07"]
[WhiteClock "0:00:56"]
[BlackClock "0:00:01"]

1. d4 Nf6 2. Nc3 d5 3. Bf4 g6 4. e3 Bg7 5. Nb5 Na6 6. h3 c6 7. Nc3 Nc7 8. Nf3 Bf5 9. Be2 O-O 10. O-O Ne4 11. Nxe4 Bxe4 12. c4 Bxf3 13. Bxf3 dxc4 14. Qc2 Nd5 15. Bg3 Nb6 16. a4 a5 17. b3 cxb3 18. Qxb3 Ra7 19. Rab1 Nd5 20. Bxd5 cxd5 21. Rfc1 Bf6 22. Qb5 Qe8 23. Rc7 Qxb5 24. Rxb5 e6 25. Bd6 Rb8 26. Rxf7 Kxf7 27. Bxb8 Ra6 28. Rxb7+ Be7 29. Ba7 Ke8 30. Bb6 Bb4 31. g4 h5 32. g5 h4 33. Kg2 Be7 34. f4 Ra8 35. Kf3 Rc8 36. Bxa5 Rc4 37. Be1 Rxa4 38. Bxh4 Ra3 39. Bf2 Ra2 40. h4 Ra1 41. h5 gxh5 42. g6 Ra8 43. g7 Kf7 44. Bh4 1-0


[Site "https://www.chess.com"]

[Event "Titled Tuesday Blitz June 07 Early 2022"]
[White "Morefield, Jason"]
[Black "Gong, Patrick"]
[WhiteFideId "30920825"]
[BlackFideId "3222500"]
[WhiteElo "2171"]
[BlackElo "2103"]
[Result "1-0"]
[Round "09"]
[TimeControl "180+1"]
[Date "2022.06.07"]
[WhiteClock "0:00:48"]
[BlackClock "0:01:04"]

1. e4 d6 2. d4 Nf6 3. Nc3 g6 4. f4 Bg7 5. a3 O-O 6. Nf3 Na6 7. Bd3 c5 8. d5 b5 9. Nxb5 c4 10. Bxc4 Nxe4 11. Qe2 Nf6 12. O-O Nc5 13. Nbd4 Bb7 14. b4 Na4 15. Bb3 Nc3 16. Qd3 Nfxd5 17. f5 a5 18. bxa5 Ba6 19. Bc4 Bxc4 20. Qxc4 Qxa5 21. fxg6 hxg6 22. Bd2 Rac8 23. Qd3 Qc5 24. Kh1 e5 25. Nb3 Qc6 26. Ng5 e4 27. Qh3 1-0


[Site "https://www.chess.com"]

[Event "Titled Tuesday Blitz June 07 Early 2022"]
[White "Nakamura, Hikaru"]
[Black "Bortnyk, Olexandr"]
[WhiteFideId "2016192"]
[BlackFideId "14120828"]
[WhiteElo "2850"]
[BlackElo "2723"]
[Result "1-0"]
[Round "09"]
[TimeControl "180+1"]
[Date "2022.06.07"]
[WhiteClock "0:00:21"]
[BlackClock "0:00:03"]

1. e4 Nf6 2. Nc3 d5 3. e5 Nfd7 4. f4 d4 5. Ne4 f5 6. Ng5 Nb6 7. e6 Qd5 8. Be2 Nc6 9. Bf3 Qd6 10. Ne2 Bxe6 11. Nxe6 Qxe6 12. O-O Qf6 13. a4 a5 14. c3 d3 15. Bxc6+ bxc6 16. Nd4 c5 17. Nf3 c4 18. b3 e6 19. Ne5 Bd6 20. Nxc4 Nxc4 21. bxc4 O-O 22. Qf3 Rfd8 23. Kh1 Rab8 24. g3 Bc5 25. Re1 Qf7 26. Qc6 Bd6 27. c5 Bf8 28. Ba3 Rb3 29. Qxe6 Qxe6 30. Rxe6 Rdb8 31. Ree1 Kf7 32. Kg2 g6 33. Kf3 Bg7 34. c6 Bf6 35. Bc5 Rb2 36. Red1 Re8 37. Rab1 Rxb1 38. Rxb1 Re2 39. Be3 Rxh2 40. Rb7 Bd8 41. Ra7 h6 42. Rxa5 Ke6 43. c4 g5 44. Re5+ Kf6 45. Bd4 g4+ 46. Ke3 Kg6 47. Kxd3 Rg2 48. Re3 h5 49. a5 h4 50. gxh4 Bxh4 51. a6 Bf2 52. a7 Bxe3 53. Bxe3 1-0


[Site "https://www.chess.com"]

[Event "Titled Tuesday Blitz June 07 Early 2022"]
[White "Nesterov, Arseniy"]
[Black "Agibileg, Uurtsaikh"]
[WhiteFideId "24198455"]
[BlackFideId "4901606"]
[WhiteElo "2489"]
[BlackElo "2205"]
[Result "1-0"]
[Round "09"]
[TimeControl "180+1"]
[Date "2022.06.07"]
[WhiteClock "0:00:22"]
[BlackClock "0:00:03"]

1. d4 Nf6 2. c4 g6 3. Nc3 Bg7 4. e4 d6 5. Be2 O-O 6. Be3 e5 7. d5 Na6 8. g4 Nc5 9. f3 h5 10. g5 Nh7 11. h4 f6 12. Nh3 Bxh3 13. Rxh3 fxg5 14. hxg5 Nxg5 15. Rg3 Rf4 16. Qd2 h4 17. Bxf4 exf4 18. Rg4 Be5 19. O-O-O Kf7 20. Rdg1 Nh3 21. R1g2 Qf6 22. Qe1 Rg8 23. Nd1 Na4 24. Qxh4 Bxb2+ 25. Kc2 Ba1 26. Qh7+ Rg7 27. Qxh3 Nc3 28. Rxg6 Rxg6 29. Qh7+ Qg7 30. Qxg7+ Kxg7 31. Rxg6+ Kxg6 32. Nxc3 Kf6 33. Nb5 Ke5 34. Nxc7 Kd4 35. Nb5+ Ke3 36. Bd1 Be5 37. Nxa7 Kd4 38. Nb5+ Kc5 39. Kd3 b6 40. Bb3 Kb4 41. Nc7 Kc5 42. Ne6+ Kb4 43. Nf8 Bf6 44. Nd7 Bg7 45. Nxb6 Kc5 46. Nd7+ Kb4 47. e5 dxe5 48. Ke4 Ka5 49. c5 Ka6 50. Nxe5 Bf8 51. d6 Kb7 52. Kd5 Kb8 53. Nd7+ Ka8 54. Nxf8 Kb7 55. d7 Kc7 56. Ba4 Kd8 57. Ne6+ Ke7 58. d8=Q+ Kf7 59. Qf8+ Kg6 60. Qg7+ Kf5 61. Qg5# 1-0


[Site "https://www.chess.com"]

[Event "Titled Tuesday Blitz June 07 Early 2022"]
[White "Papasimakopoulos, Alexandros"]
[Black "Durarbayli, Vasif"]
[WhiteFideId "4244125"]
[BlackFideId "13402935"]
[WhiteElo "2340"]
[BlackElo "2528"]
[Result "0-1"]
[Round "09"]
[TimeControl "180+1"]
[Date "2022.06.07"]
[WhiteClock "0:00:39"]
[BlackClock "0:00:01"]

1. d4 Nf6 2. c4 e6 3. Nc3 Bb4 4. Qc2 O-O 5. a3 Bxc3+ 6. Qxc3 d5 7. Bg5 dxc4 8. Qxc4 b6 9. Nf3 Ba6 10. Qa4 c5 11. dxc5 bxc5 12. Rc1 Qb6 13. Bxf6 gxf6 14. Rc2 Rc8 15. e3 Bxf1 16. Kxf1 Na6 17. Ke2 c4 18. Rhc1 Rc7 19. Nd2 Rd8 20. Nxc4 Qb7 21. f3 Nc5 22. Qb4 Qd5 23. Rd2 Nd3 24. Qc3 Nxc1+ 25. Qxc1 Qxd2+ 26. Qxd2 Rxd2+ 27. Nxd2 Rc2 28. b3 Rc3 29. g4 Kf8 30. h4 Ke7 31. g5 fxg5 32. hxg5 Kf8 33. a4 Kg7 34. f4 Kg6 35. Kf3 Rd3 36. Ke2 Rc3 37. Kf3 Rc2 38. Nc4 f6 39. gxf6 Kxf6 40. Nd6 h5 41. b4 Ke7 42. Nb5 a6 43. Nd4 Kd6 44. b5 Ra2 45. bxa6 Rxa4 46. a7 Kd7 47. f5 e5 48. Nb5 h4 49. e4 h3 50. Nc3 Kc6 51. Nd5 Rxa7 52. Ne7+ Rxe7 0-1


[Site "https://www.chess.com"]

[Event "Titled Tuesday Blitz June 07 Early 2022"]
[White "Riehle, Marco"]
[Black "Alinasab, Mobina"]
[WhiteFideId "12904392"]
[BlackFideId "12528897"]
[WhiteElo "2462"]
[BlackElo "2031"]
[Result "1-0"]
[Round "09"]
[TimeControl "180+1"]
[Date "2022.06.07"]
[WhiteClock "0:00:52"]
[BlackClock "0:00:01"]

1. e4 c5 2. a3 d5 3. exd5 Qxd5 4. Nc3 Qd8 5. Nf3 Nc6 6. Bb5 Bd7 7. O-O e6 8. Re1 Nf6 9. Bxc6 Bxc6 10. Ne5 Qc7 11. Nxc6 Qxc6 12. d3 Be7 13. Bf4 O-O 14. Be5 Nd7 15. Bg3 Bf6 16. h3 Bxc3 17. bxc3 Rfd8 18. c4 a6 19. a4 b5 20. axb5 axb5 21. Rxa8 Rxa8 22. cxb5 Qxb5 23. Qf3 Rc8 24. Ra1 Qc6 25. Qe3 h6 26. Ra7 Nf6 27. Be5 Nd7 28. Bc3 Ra8 29. Qg3 e5 30. Bxe5 Nxe5 31. Rxa8+ Qxa8 32. Qxe5 Qc6 33. g4 c4 34. d4 Qf3 35. d5 Qd1+ 36. Kg2 c3 37. Qxc3 Qxd5+ 38. Qf3 Qc4 39. Qd3 Qc6+ 40. f3 Qc7 41. c4 Qc5 42. h4 Kh8 43. h5 Qc7 44. Qd5 Qe7 45. Qe4 1-0


[Site "https://www.chess.com"]

[Event "Titled Tuesday Blitz June 07 Early 2022"]
[White "Rustemov, Alexander"]
[Black "Pires, Marcos Vinicius Torsani"]
[WhiteFideId "4119002"]
[BlackFideId "2118939"]
[WhiteElo "2788"]
[BlackElo "2273"]
[Result "1-0"]
[Round "09"]
[TimeControl "180+1"]
[Date "2022.06.07"]
[WhiteClock "0:01:06"]
[BlackClock "0:00:20"]

1. d4 Nf6 2. c4 g6 3. Nf3 Bg7 4. g3 O-O 5. Bg2 d6 6. Nc3 Nc6 7. O-O e5 8. d5 Nb8 9. e4 a5 10. Rb1 Na6 11. b3 Nd7 12. a3 f5 13. b4 Nf6 14. exf5 gxf5 15. Bd2 Bd7 16. Qc2 Qe8 17. Ng5 Qh5 18. Ne6 Bxe6 19. dxe6 c6 20. b5 Nc5 21. bxc6 bxc6 22. Bxc6 Ng4 23. h4 e4 24. Bxa8 Rxa8 25. Qd1 Qg6 26. e7 Re8 27. Nd5 Nd3 28. Nf4 Nxf4 29. Bxf4 Rxe7 30. Qxd6 Bf6 31. Rb8+ Kf7 32. Qd5+ Kg7 33. Qg8# 1-0


[Site "https://www.chess.com"]

[Event "Titled Tuesday Blitz June 07 Early 2022"]
[White "Shipov, Sergei"]
[Black "Hua, Lefong"]
[WhiteFideId "4113624"]
[BlackFideId "2602253"]
[WhiteElo "2773"]
[BlackElo "2638"]
[Result "1-0"]
[Round "09"]
[TimeControl "180+1"]
[Date "2022.06.07"]
[WhiteClock "0:01:20"]
[BlackClock "0:00:59"]

1. d4 Nf6 2. c4 c5 3. d5 e6 4. Nc3 exd5 5. cxd5 d6 6. e4 g6 7. Nf3 Bg7 8. Bg5 h6 9. Bh4 a6 10. Nd2 b5 11. Bd3 O-O 12. O-O Nbd7 13. f4 Qc7 14. Kh1 Re8 15. Qf3 Bb7 16. a3 c4 17. Bc2 Nc5 18. Rae1 Nfd7 19. Bg3 Re7 20. h4 h5 21. e5 dxe5 22. f5 Qb6 23. Nde4 Nxe4 24. Bxe4 Rf8 25. d6 Bxe4 26. Nxe4 Ree8 27. Rd1 Nc5 28. Bf2 Rc8 29. d7 1-0


[Site "https://www.chess.com"]

[Event "Titled Tuesday Blitz June 07 Early 2022"]
[White "Shubin, Kirill"]
[Black "Narayanan, Srinath"]
[WhiteFideId "34119962"]
[BlackFideId "5018420"]
[WhiteElo "2474"]
[BlackElo "2472"]
[Result "0-1"]
[Round "09"]
[TimeControl "180+1"]
[Date "2022.06.07"]
[WhiteClock "0:00:15"]
[BlackClock "0:00:08"]

1. e4 c6 2. d4 d5 3. exd5 cxd5 4. Bd3 Nc6 5. c3 Nf6 6. Bf4 Bg4 7. Qb3 Qc8 8. Nd2 e6 9. Ngf3 Be7 10. O-O O-O 11. Rfe1 Bh5 12. Ng5 Bg6 13. Bxg6 hxg6 14. Ndf3 Nh5 15. Bd2 Qc7 16. Qc2 Nf4 17. Bxf4 Qxf4 18. h4 Rac8 19. Qd3 Rfe8 20. Re2 Bxg5 21. hxg5 a6 22. Rae1 b5 23. a3 Kf8 24. g3 Qf5 25. Qxf5 gxf5 26. g6 Nd8 27. gxf7 Kxf7 28. Ng5+ Kf6 29. f4 a5 30. Re5 Re7 31. R5e3 b4 32. axb4 axb4 33. Kg2 bxc3 34. bxc3 Rc6 35. Nf3 Rec7 36. Rc1 Ra6 37. g4 fxg4 38. Ne5 Kf5 39. Kg3 Nc6 40. Nxg4 Nxd4 41. Rce1 Nb5 42. Re5+ Kg6 43. Rxe6+ Rxe6 44. Rxe6+ Kf7 45. Rb6 Nxc3 46. Ne5+ Ke7 47. Kg4 Ne4 48. Kf5 Nd6+ 49. Kg6 Nc4 50. Rc6 Nxe5+ 0-1


[Site "https://www.chess.com"]

[Event "Titled Tuesday Blitz June 07 Early 2022"]
[White "Skliarov, Viktor"]
[Black "Jumabayev, Rinat"]
[WhiteFideId "14106736"]
[BlackFideId "13702661"]
[WhiteElo "2229"]
[BlackElo "2561"]
[Result "0-1"]
[Round "09"]
[TimeControl "180+1"]
[Date "2022.06.07"]
[WhiteClock "0:00:13"]
[BlackClock "0:00:09"]

1. e4 d6 2. d4 g6 3. Nc3 Bg7 4. Be3 c6 5. f3 b5 6. Qd2 Nd7 7. O-O-O Nb6 8. b3 Qc7 9. g4 b4 10. Nce2 a5 11. Kb1 Nf6 12. h4 h5 13. g5 Nfd7 14. f4 c5 15. Ng3 c4 16. f5 a4 17. Qxb4 Rb8 18. Qa3 O-O 19. b4 c3 20. Nf3 Bb7 21. Ka1 Rfc8 22. fxg6 fxg6 23. Bh3 Rf8 24. Be6+ Kh8 25. Ne1 d5 26. e5 Nxe5 27. dxe5 Bxe5 28. Nxh5 Nc4 29. Qc1 Qd6 30. Bc5 Qxe6 31. Nd3 d4 32. Rhe1 Ne3 33. Rxe3 dxe3 34. Qxe3 gxh5 35. Nxe5 Rf5 36. Bd4 Kg8 37. Qe2 Rbf8 38. Qxh5 Rxe5 39. Bxe5 Qxe5 40. Qg6+ Qg7 41. Qe6+ Kh8 42. h5 Bf3 43. Rg1 Qf7 44. Qh6+ Kg8 45. g6 Qg7 46. Qe3 Bd5 47. h6 Qf6 48. g7 Qf1+ 49. Qc1 Qxc1+ 50. Rxc1 Rf6 51. Rd1 e6 52. b5 Rxh6 53. b6 Kxg7 54. b7 Rh8 55. Rb1 Rb8 56. Rg1+ Kf6 57. Kb1 Rxb7+ 58. Kc1 Rb2 59. Rf1+ Ke5 60. a3 Ra2 61. Kb1 Rb2+ 62. Kc1 Be4 63. Rf2 Kd4 64. Re2 e5 65. Rf2 Rxc2+ 66. Rxc2 Bxc2 67. Kxc2 e4 0-1


[Site "https://www.chess.com"]

[Event "Titled Tuesday Blitz June 07 Early 2022"]
[White "Suleymanli, Aydin"]
[Black "Howell, David W L"]
[WhiteFideId "13413937"]
[BlackFideId "410608"]
[WhiteElo "2481"]
[BlackElo "2559"]
[Result "0-1"]
[Round "09"]
[TimeControl "180+1"]
[Date "2022.06.07"]
[WhiteClock "0:00:01"]
[BlackClock "0:00:23"]

1. d4 f5 2. Nc3 Nf6 3. Bg5 d5 4. e3 Be6 5. Nf3 Nbd7 6. Bd3 g6 7. Ne2 Bg7 8. Nf4 Bf7 9. h4 Ne4 10. h5 c6 11. c3 Qc7 12. g4 O-O-O 13. gxf5 gxf5 14. h6 Bf8 15. Be2 Rg8 16. Bh4 Re8 17. Nd3 Bxh6 18. Nfe5 Nxe5 19. Nxe5 Bg6 20. Bd3 Bg7 21. f4 Bxe5 22. fxe5 e6 23. Qf3 Qf7 24. Be2 Kb8 25. O-O-O c5 26. Qf4 Rc8 27. Kb1 Rc6 28. Ka1 Rgc8 29. Rhg1 c4 30. Rh1 Ra6 31. Bf6 Qd7 32. Bxc4 Rxc4 0-1


[Site "https://www.chess.com"]

[Event "Titled Tuesday Blitz June 07 Early 2022"]
[White "Svane, Rasmus"]
[Black "Beerdsen, Thomas"]
[WhiteFideId "4657101"]
[BlackFideId "1030108"]
[WhiteElo "2674"]
[BlackElo "2585"]
[Result "1-0"]
[Round "09"]
[TimeControl "180+1"]
[Date "2022.06.07"]
[WhiteClock "0:00:10"]
[BlackClock "0:00:16"]

1. Nf3 Nf6 2. g3 g6 3. Bg2 Bg7 4. O-O O-O 5. d4 d5 6. c3 c5 7. dxc5 Ne4 8. Ng5 Nxc5 9. Qxd5 Qc7 10. Na3 e6 11. Qc4 Nba6 12. Ne4 Bd7 13. Nxc5 Nxc5 14. Be3 Rac8 15. Rad1 b6 16. Rd2 Na4 17. Qxc7 Rxc7 18. Rfd1 Be8 19. Bf4 e5 20. Be3 f5 21. Bd5+ Bf7 22. Bb3 f4 23. gxf4 exf4 24. Bxf4 Bxb3 25. axb3 Rxf4 26. bxa4 Rxa4 27. Rd8+ Kf7 28. Nb5 Re7 29. Nd6+ Ke6 30. Nc8 Rc7 31. Re8+ Kf5 32. Nd6+ Kg5 33. Rd3 Rg4+ 34. Rg3 Rd7 35. Ne4+ Kh4 36. Kg2 a5 37. f3 Rxg3+ 38. hxg3+ Kh5 39. Re6 b5 40. Rb6 b4 41. Rb5+ Kh6 42. Rxa5 bxc3 43. bxc3 Rb7 44. Rc5 Rb2 45. Kf1 Rc2 46. c4 Bd4 47. Rc7 Be5 48. Re7 Bd4 49. c5 Bxc5 50. Rc7 Rc1+ 51. Kg2 Rg1+ 52. Kh2 Be3 53. Nf6 Bb6 54. Rxh7+ Kg5 55. Ne4+ Kf5 56. Rb7 Be3 57. Rb3 Bd4 58. Rd3 Ba7 59. Ra3 Bb6 60. Rb3 Ba7 61. Rb7 Be3 62. Nd6+ Ke6 63. Nc4 Bf2 64. Rb3 Rxg3 65. e4 Rg1 66. Ra3 Rc1 67. Ra6+ Ke7 68. Ne5 g5 69. Kh3 Rg1 70. Kh2 Rb1 71. Ng4 Bb6 72. Nh6 Bc7+ 73. Kg2 Rb2+ 74. Kf1 Bf4 75. Nf5+ Kd7 76. Rg6 Rb3 77. Kg2 Rb2+ 78. Kf1 Rb3 79. Ke2 Rb2+ 80. Kd1 Rf2 81. Rg7+ Ke6 82. Nd4+ Kf6 83. Rd7 Rd2+ 84. Ke1 Rd3 85. Rd5 Re3+ 86. Kf2 Ra3 87. Nf5 Ra2+ 88. Kf1 Ke6 89. Nd4+ Kf6 90. Rf5+ Kg6 91. Ne2 Be3 92. Nc3 Rf2+ 93. Ke1 Rc2 94. Nd5 Bd2+ 95. Kd1 Ra2 96. Rf6+ Kh5 97. Re6 Bf4 98. Nxf4+ gxf4 99. Rf6 Kh4 100. Rxf4+ Kg3 101. Rf5 Kf2 102. e5 Ke3 103. f4 Kd3 104. Kc1 Kc3 105. Kb1 Re2 106. Rf6 Re1+ 107. Ka2 Re2+ 108. Ka3 Re1 109. Ka4 Kc4 110. Ka5 Kc5 111. Ka6 Kd5 112. Kb7 Rxe5 113. fxe5 1-0


[Site "https://www.chess.com"]

[Event "Titled Tuesday Blitz June 07 Early 2022"]
[White "Terry, Renato"]
[Black "Sarana, Alexey"]
[WhiteFideId "3803457"]
[BlackFideId "24133795"]
[WhiteElo "2577"]
[BlackElo "2666"]
[Result "0-1"]
[Round "09"]
[TimeControl "180+1"]
[Date "2022.06.07"]
[WhiteClock "0:00:01"]
[BlackClock "0:01:04"]

1. d4 Nf6 2. Bg5 d5 3. Bxf6 exf6 4. e3 c5 5. dxc5 Bxc5 6. Nf3 Qb6 7. Qc1 O-O 8. c3 Nc6 9. Be2 Ne5 10. Nd4 Bg4 11. Qd2 Bxe2 12. Qxe2 Nc4 13. b3 Bxd4 14. cxd4 Qa5+ 15. Nd2 Qc3 16. Rb1 Na3 17. Rd1 Nc2+ 18. Kf1 Rfe8 19. Nf3 Rac8 20. Qb5 Qb2 21. h4 Rxe3 22. Qxb7 Rce8 23. Kg1 Re2 24. Qxa7 Ne3 25. Re1 Ng4 26. Rf1 Rxf2 0-1


[Site "https://www.chess.com"]

[Event "Titled Tuesday Blitz June 07 Early 2022"]
[White "Urazayev, Arystanbek"]
[Black "Alvarado Diaz, Alejandro"]
[WhiteFideId "13709810"]
[BlackFideId "2276119"]
[WhiteElo "2422"]
[BlackElo "2438"]
[Result "1-0"]
[Round "09"]
[TimeControl "180+1"]
[Date "2022.06.07"]
[WhiteClock "0:00:11"]
[BlackClock "0:00:02"]

1. e4 e6 2. d4 d5 3. e5 c5 4. c3 Nc6 5. Nf3 Bd7 6. Be2 cxd4 7. cxd4 Nge7 8. Nc3 Nf5 9. O-O a6 10. b3 Be7 11. Bb2 O-O 12. Rc1 Rc8 13. Na4 Na7 14. Rxc8 Nxc8 15. Nc5 Bc6 16. b4 Nb6 17. Nd2 Bxc5 18. bxc5 Nd7 19. Bd3 Qg5 20. f4 Qg6 21. Qe2 f6 22. Nf3 fxe5 23. Nh4 Nxd4 24. Bxd4 Qh6 25. Nf5 exf5 26. fxe5 Qh4 27. Qb2 f4 28. Be2 Re8 29. Bf3 Qg5 30. Re1 Qf5 31. Qe2 Nf8 32. Bg4 Qg5 33. e6 h5 34. Bh3 Ng6 35. Qb2 Nh4 36. Kh1 f3 37. gxf3 Nxf3 38. Rf1 Nxd4 39. Qxd4 Qg6 40. Rg1 Qh6 41. Bf5 Re7 42. h4 1-0


[Site "https://www.chess.com"]

[Event "Titled Tuesday Blitz June 07 Early 2022"]
[White "Vasquez Schroeder, Rodrigo"]
[Black "Bortnyk, Mykola"]
[WhiteFideId "3400042"]
[BlackFideId "14120836"]
[WhiteElo "2567"]
[BlackElo "2582"]
[Result "0-1"]
[Round "09"]
[TimeControl "180+1"]
[Date "2022.06.07"]
[WhiteClock "0:01:07"]
[BlackClock "0:01:13"]

1. e4 Nf6 2. d3 e5 3. Nf3 Nc6 4. c3 d5 5. Nbd2 a5 6. Be2 Bc5 7. O-O O-O 8. b3 Re8 9. a3 b5 10. Bb2 Bb6 11. b4 axb4 12. axb4 Bb7 13. Qb3 Rxa1 14. Bxa1 Nb8 15. Qb1 Nbd7 16. exd5 Nxd5 17. g3 N5f6 18. Ne4 Qa8 19. Nfd2 Nxe4 20. dxe4 Nf6 21. Bd3 Rd8 22. Qc2 h5 23. Kg2 Qc8 24. f3 Qd7 0-1


[Site "https://www.chess.com"]

[Event "Titled Tuesday Blitz June 07 Early 2022"]
[White "Volkov, Maksim"]
[Black "Goltsev, Dmitry"]
[WhiteFideId "54123070"]
[BlackFideId "24176710"]
[WhiteElo "2155"]
[BlackElo "2258"]
[Result "1-0"]
[Round "09"]
[TimeControl "180+1"]
[Date "2022.06.07"]
[WhiteClock "0:00:08"]
[BlackClock "0:00:05"]

1. d4 Nf6 2. c4 e6 3. Nc3 Bb4 4. e3 b6 5. Bd3 Bb7 6. f3 O-O 7. Ne2 d6 8. O-O Bxc3 9. Nxc3 Nbd7 10. b3 e5 11. Bb2 exd4 12. exd4 Re8 13. Bc2 Nh5 14. Qd2 Qh4 15. d5 Ne5 16. Rae1 Re7 17. Nb5 Rae8 18. Nd4 g6 19. Re4 Qf6 20. Rfe1 Bc8 21. Bc3 g5 22. Nc6 Bf5 23. Nxe7+ Rxe7 24. R4e3 Nf4 25. Bxf5 Qxf5 26. Bxe5 dxe5 27. g3 Ng6 28. Qd3 Qd7 29. b4 h5 30. c5 bxc5 31. bxc5 h4 32. Kg2 Re8 33. d6 Re6 34. Qf5 cxd6 35. cxd6 Qxd6 36. Qxg5 Qd2+ 37. R1e2 Qb4 38. Kh3 Kh7 39. Re4 Qc3 40. Qf5 Kg7 41. Rg4 Rf6 42. Qxe5 Qxf3 43. Qe4 Qf1+ 44. Qg2 Qd1 45. Rf2 Rb6 46. Qf3 Qd7 47. gxh4 Rd6 48. Kg2 Rd3 49. Qf6+ Kf8 50. Qf5 Qc6+ 51. Qe4 Qd7 52. h3 Rd6 53. Qa8+ Kg7 54. Qf3 Rd3 55. Qf6+ Kf8 56. Qf5 Qb7+ 57. Qe4 Qd7 58. h5 Ne7 59. h6 Nd5 60. h7 Ne3+ 61. Qxe3 Rxe3 62. h8=Q+ Ke7 63. Qf6+ Kf8 64. Qg7+ Ke8 65. Qh8+ Ke7 66. Qh4+ Kf8 67. Qh6+ Ke8 68. Qxe3+ Kd8 69. Rg8+ 1-0


[Site "https://www.chess.com"]

[Event "Titled Tuesday Blitz June 07 Early 2022"]
[White "Xu, Yi"]
[Black "Korchmar, Vasiliy"]
[WhiteFideId "8605564"]
[BlackFideId "24131750"]
[WhiteElo "2471"]
[BlackElo "2370"]
[Result "1-0"]
[Round "09"]
[TimeControl "180+1"]
[Date "2022.06.07"]
[WhiteClock "0:00:44"]
[BlackClock "0:00:10"]

1. e4 c5 2. Nf3 d6 3. d4 cxd4 4. Nxd4 Nf6 5. Nc3 Nc6 6. Bg5 Bd7 7. Qd2 a6 8. f4 e6 9. O-O-O h6 10. Bh4 b5 11. Bxf6 gxf6 12. Nxc6 Bxc6 13. f5 Qb6 14. Kb1 O-O-O 15. Bd3 h5 16. Ne2 Bh6 17. Qe1 e5 18. Nc3 Be3 19. a3 h4 20. Rf1 h3 21. g3 Kb8 22. Rf3 Bd4 23. Ne2 Bc5 24. Nc3 Bd4 25. Na2 d5 26. Nb4 dxe4 27. Bxe4 Bb7 28. Rfd3 a5 29. Na2 Bxe4 30. Qxe4 Bg1 31. Qe2 Qf2 32. Rxd8+ Rxd8 33. Rxd8+ Kc7 34. Qxf2 1-0


[Site "https://www.chess.com"]

[Event "Titled Tuesday Blitz June 07 Early 2022"]
[White "Yuan, Qingyu"]
[Black "Jia, Haoxiang"]
[WhiteFideId "8609772"]
[BlackFideId "8602999"]
[WhiteElo "2359"]
[BlackElo "2614"]
[Result "1-0"]
[Round "09"]
[TimeControl "180+1"]
[Date "2022.06.07"]
[WhiteClock "0:00:03"]
[BlackClock "0:00:02"]

1. e4 c5 2. Nf3 e6 3. b3 b6 4. d4 cxd4 5. Nxd4 a6 6. Bb2 Bb7 7. Nd2 d6 8. Bd3 Nf6 9. Qe2 Nbd7 10. O-O-O Be7 11. g4 Nc5 12. g5 Nfd7 13. f4 Nxd3+ 14. cxd3 a5 15. Kb1 a4 16. Nxe6 fxe6 17. Bxg7 Kf7 18. Bb2 axb3 19. axb3 Ba6 20. Rhg1 h5 21. g6+ Kg8 22. Bxh8 Bf6 23. Bxf6 Qxf6 24. Nc4 Bxc4 25. e5 dxe5 26. dxc4 exf4 27. Qb2 Qf5+ 28. Kc1 Ne5 29. Qc3 f3 30. g7 f2 31. Rgf1 Qf4+ 32. Kb2 Qf5 33. Rd2 Ng4 34. h3 Ne5 35. Rfxf2 Qe4 36. Rfe2 Nd3+ 37. Qxd3 Qc6 38. Rg2 Qc5 39. Qd8+ 1-0


[Site "https://www.chess.com"]

[Event "Titled Tuesday Blitz June 07 Early 2022"]
[White "Zhigalko, Sergei"]
[Black "Thavandiran, Shiyam"]
[WhiteFideId "13502956"]
[BlackFideId "2605058"]
[WhiteElo "2662"]
[BlackElo "2357"]
[Result "1-0"]
[Round "09"]
[TimeControl "180+1"]
[Date "2022.06.07"]
[WhiteClock "0:00:02"]
[BlackClock "0:00:01"]

1. e4 e6 2. d4 d5 3. e5 c5 4. c3 Nc6 5. Nf3 Bd7 6. Be2 Nge7 7. Na3 cxd4 8. cxd4 f6 9. exf6 gxf6 10. Nh4 Ng6 11. Bh5 Rg8 12. O-O Qb6 13. Nc2 O-O-O 14. Nxg6 hxg6 15. Bf3 f5 16. b4 Bg7 17. Be3 Rdf8 18. Qd2 g5 19. b5 Na5 20. Bxg5 Nc4 21. Qf4 e5 22. dxe5 Bxe5 23. Qc1 Bxa1 24. Nxa1 Qxb5 25. Nb3 Bc6 26. Bf4 Qb6 27. Qc3 Re8 28. Rc1 Qd8 29. g3 Qe7 30. Nd4 Qf6 31. Qd3 Ne5 32. Qa3 Kb8 33. Bg2 Ka8 34. Be3 Nc4 35. Rxc4 dxc4 36. Nxc6 Qa1+ 37. Bf1 1-0


[Site "https://www.chess.com"]